 Dungeon Crawl Stone Soup version 0.31-a0-846-gb3bcc0d938 (webtiles) character file.

Game seed: 6565492940020246761

14 wildpjah the Ducker (level 2, -2/23 HPs)
             Began as a Merfolk Gladiator on Oct 3, 2023.
             Slain by a goblin
             ... wielding a +0 dagger
             ... led by Robin
              (3 damage)
             ... on level 2 of the Dungeon.
             The game lasted 00:00:31 (228 turns).

wildpjah the Ducker (Merfolk Gladiator)              Turns: 228, Time: 00:00:33

Health: -2/23      AC:  4    Str: 14    XL:     2   Next: 45%
Magic:  2/2        EV: 13    Int:  7    God:
Gold:   22         SH:  0    Dex: 15    Spells: 1/1 levels left

rFire   . . .        a - +0 long sword
rCold   . . .        (no shield)
rNeg    . . .        b - +0 leather armour
rPois   .            c - +0 helmet
rElec   .            (no cloak)
rCorr   .            (no gloves)
SInv    .            (no boots)
Will    .....        (no amulet)
Stlth   +            (no ring)
HPRegen 0.23/turn    (no ring)
MPRegen 0.08/turn

%: no passive effects
@: lethally poisoned (-2 -> -6)
A: (nimble swimmer 2), mertail
a: no special abilities


You were on level 2 of the Dungeon.
You visited 1 branch of the dungeon, and saw 2 of its levels.

You collected 22 gold pieces.

Inventory:

Hand Weapons
 a - a +0 long sword (weapon)
Missiles
 d - 3 throwing nets (quivered)
 e - a javelin
Armour
 b - a +0 leather armour (worn)
 c - a +0 helmet (worn)
Scrolls
 f - a scroll of identify {unknown}
 g - a scroll of poison {unknown}
Potions
 h - 2 potions of lignification {unknown}
 i - a potion of haste {unknown}


   Skills:
 + Level 2.3 Fighting
 + Level 4.0 Long Blades
 + Level 2.0 Throwing
 * Level 4.5 Dodging


You had one spell level left.
You didn't know any spells.
Your spell library was empty.

Dungeon Overview and Level Annotations

Branches:
Dungeon (2/15)

Altars:

Annotations:
D:2 Robin


Innate Abilities, Weirdness & Mutations

((You are very nimble when in or above water. (Stealth+, EV+, Speed+++)))
Your lower body shifts to a powerful aquatic tail in water.


Message History

You hit the goblin.
The goblin is severely wounded.
A goblin comes into view. It is wielding a +0 club.
The goblin hits you but does no damage. The hobgoblin misses you.
A hobgoblin comes into view.
The hobgoblin misses you.
The goblin hits you with a +0 dagger. x2
Robin throws the goblin at you!
The goblin shouts!
You hear a shout! x3
The goblin hits you with a +0 club.
A hobgoblin comes into view.
The goblin hits you but does no damage. The goblin attacks as it pursues you!
The goblin hits you with a +0 dagger.
A goblin comes into view. It is wielding a +0 dagger.
Found a fuming yellow potion.
The goblin closely misses you.
A frilled lizard comes into view.
You closely miss the goblin. The goblin hits you with a +0 club.
You miss the goblin.
The frilled lizard hisses angrily.
The goblin hits you with a +0 club.
You hit the goblin.
You kill the goblin!
Robin roars a battlecry!
The goblins go into a battle-frenzy!
You slash the hobgoblin!
You kill the hobgoblin!
The adder bites you. Robin throws the goblin at you!
You barely miss the goblin. The adder bites you.
You are poisoned.
The adder poisons you! The goblin closely misses you.
Robin throws the goblin at you! The goblin closely misses you.
The adder bites you.
You closely miss the adder.
You feel sick.
The hobgoblin shouts!
The goblin hits you with a +0 dagger.
* * * LOW HITPOINT WARNING * * *
The adder bites you.
* * * LOW HITPOINT WARNING * * *
The goblin barely misses you. The goblin hits you with a +0 dagger.
You die...

...........#.....
........g..g#
#../$.#
#..g.g####
#.......$# #
#........# .##.#
#...g....#
......###gg....#
......g@Sgg....#
......g##......+
....l#. #......#
.... #. #......#
.!. .. ..#+##...
.. #. ..# ... .
#. ... .. #....#


You could see Robin, an adder, 3 hobgoblins, 3 goblins and a frilled lizard.

Vanquished Creatures
  4 goblins
  A hobgoblin (D:2)
  4 jackals (D:1)
  A bat (D:1)
  A kobold (D:1)
  A rat (D:1)
12 creatures vanquished.

Notes
Turn   | Place    | Note
-------+----------+-------------------------------------------
     0 | D:1      | wildpjah the Merfolk Gladiator began the quest for the Orb.
     0 | D:1      | Reached XP level 1. HP: 16/16 MP: 1/1
    41 | D:1      | Reached XP level 2. HP: 21/22 MP: 2/2
   204 | D:1      | You fall into a shaft and drop 1 floor!
   210 | D:2      | Noticed Robin
   228 | D:2      | HP: 1/23 [adder (4)]
   228 | D:2      | Slain by a goblin

Illustrated notes

Levels and vault maps discovered:
D:1:      denvon_arrival_waterhouse, layout_loops_ring, chequers_jeans,
          st_stairs_9
D:2:      layout_basic, st_stairs_1, minmay_goblin_outpost, uniq_robin

Skill      XL: |  1  2 |
---------------+-------+-----
Long Blades    | 4 |  4.0
Fighting       | |  2.3
Throwing       | |  2.0
Dodging        | |  4.5

Action                     || total
---------------------------++-------
  Melee: Long sword        ||    33
 Armour: Leather armour    ||    29
  Dodge: Dodged            ||    23

Table legend: (Time is in decaauts)
 A = Elapsed time spent in this place.
 B = Non-inter-level travel time spent in this place.
 C = Inter-level travel time spent in this place.
 D = Time resting spent in this place.
 E = Time spent auto-exploring this place.
 F = Levels seen in this place.
 G = Mean time per level.
                   A        B        C        D        E       F      G
               +--------+--------+--------+--------+--------+-----+--------+
         Total |    233 |    233 |      0 |      0 |    161 |   2 |  116.5 |
       Dungeon |    233 |    233 |      0 |      0 |    161 |   2 |  116.5 |
               +--------+--------+--------+--------+--------+-----+--------+

Top non-repeatable levels by time:
     D:1: 207 daAuts
     D:2: 25 daAuts
